 Dungeon Crawl Stone Soup version 0.27.1 (webtiles) character file.

Game seed: 6967774014196286873

24047 Malachi the Jinx (level 12, -19/74 HPs)
             Began as a Demonspawn Necromancer on Aug 25, 2021.
             Was an Elder of Kikubaaqudgha.
             Engulfed by an ice statue's freezing vapour (25 damage)
             ... in an ice cave.
             The game lasted 00:40:43 (20717 turns).

Malachi the Jinx (Demonspawn Necromancer)          Turns: 20717, Time: 00:40:43

Health: -19/74     AC: 10    Str: 13    XL:     12   Next: 77%
Magic:  20/25      EV: 12    Int: 21    God:    Kikubaaqudgha [****..]
Gold:   527        SH:  0    Dex: 14    Spells: 10/29 levels left

rFire    . . .     SeeInvis +   s - staff of earth
rCold    . . .     Faith    .   (no shield)
rNeg     + . .     Spirit   .   d - +0 robe {rN+}
rPois    .         Reflect  .   (helmet unavailable)
rElec    +         Harm     .   b - +0 cloak
rCorr    .         Rampage  .   p - +1 pair of gloves
Will     +....                  j - +0 pair of boots
Stlth    +++++.....             E - amulet of magic regeneration
HPRegen  0.22/turn              h - ring of wizardry
MPRegen  0.44/turn              I - ring of willpower

@: very slightly contaminated, invisible
A: antennae 3, thin metallic scales 3, spiny 1, demonic magic 2, strong 2
a: Renounce Religion, Receive Corpses


You were in an ice cave.
You worshipped Kikubaaqudgha.
Kikubaaqudgha was greatly pleased with you.
You visited 2 branches of the dungeon, and saw 13 of its levels.
You also visited: Sewer and Ice Cave.

You collected 623 gold pieces.
You spent 96 gold pieces at shops.

Inventory:

Hand Weapons
 i - a +3 dagger of freezing
Missiles
 c - 132 stones
Armour
 a - a +1 crystal plate armour of cold resistance
 b - a +0 cloak (worn)
 d - a +0 robe of positive energy (worn)
 j - a +0 pair of boots (worn)
 p - a +1 pair of gloves (worn)
 D - +0 acid dragon scales
Magical Staves
 e - a staff of death
 s - a staff of earth (weapon)
Jewellery
 h - a ring of wizardry (left hand)
 x - an amulet of guardian spirit
 E - an amulet of magic regeneration (around neck)
 I - a ring of willpower (right hand)
Wands
 g - a wand of mindburst (10)
 v - a wand of flame (29)
 C - a wand of polymorph (7)
Scrolls
 k - a scroll of identify
 y - a scroll of enchant armour
 z - 2 scrolls of amnesia
 F - 3 scrolls of blinking
 G - a scroll of summoning
Potions
 f - 4 potions of attraction
 l - 2 potions of heal wounds
 m - a potion of brilliance {unknown}
 n - a potion of lignification {unknown}
 o - 6 potions of curing
 q - 2 potions of might
 r - 2 potions of flight
 t - a potion of berserk rage {unknown}
 u - 2 potions of degeneration {unknown}
 w - 6 potions of haste
 A - a potion of cancellation {unknown}
 H - 2 potions of magic {unknown}


   Skills:
 - Level 0.3 Staves
 - Level 1.8 Dodging
 + Level 10.6 Stealth
 - Level 9.0 Spellcasting
 - Level 12.0 Hexes
 * Level 10.2 Necromancy
 * Level 6.1 Ice Magic
 - Level 3.0 Earth Magic


You had 10 spell levels left.
You knew the following spells:

 Your Spells              Type           Power      Damage    Failure   Level
a - Pain                  Necr           100%       1d9       1%          1
b - Vampiric Draining     Necr           25%        2d9       1%          3
c - Sandblast             Erth           66%        2d15      1%          1
d - Passwall              Tmut/Erth      19%        N/A       2%          2
e - Invisibility          Hex            28%        N/A       3%          6
f - Simulacrum            Ice/Necr       21%        N/A       16%         6

Your spell library contained the following spells:

 Spells                   Type           Power      Damage    Failure   Level
 Animate Skeleton         Necr           100%       N/A       1%          1
 Freeze                   Ice            100%       1d11      1%          1
 Corpse Rot               Necr/Air       N/A        N/A       1%          2
 Ensorcelled Hibernation  Hex/Ice        94%        N/A       1%          2
 Sublimation of Blood     Necr           25%        N/A       1%          2
 Frozen Ramparts          Ice            70%        1d9       1%          3
 Inner Flame              Hex/Fire       34%        N/A       1%          3
 Ozocubu's Armour         Ice            35%        N/A       1%          3
 Animate Dead             Necr           25%        N/A       1%          4
 Cause Fear               Hex            28%        N/A       1%          4
 Dispel Undead            Necr           51%        3d19      1%          4
 Agony                    Necr           51%        N/A       1%          5
 Excruciating Wounds      Necr           25%        N/A       1%          5
 Metabolic Englaciation   Hex/Ice        23%        N/A       1%          5
 Apportation              Tloc           18%        N/A       2%          1
 Foxfire                  Conj/Fire      36%        2x1d5     2%          1
 Sting                    Tmut/Pois      36%        1d4       2%          1
 Poisonous Vapours        Pois/Air       18%        N/A       4%          2
 Death Channel            Necr           25%        N/A       6%          6
 Conjure Flame            Conj/Fire      9%         6-21      9%          3
 Spider Form              Tmut/Pois      4%         N/A       9%          3
 Hailstorm                Conj/Ice       22%        3d7       9%          4
 Lee's Rapid Deconstruct  Erth           16%        3d11*     22%         5
 Olgreb's Toxic Radiance  Pois           9%         N/A       26%         4
 Alistair's Intoxication  Tmut/Pois      6%         N/A       58%         5
 Discord                  Hex            28%        N/A       77%         8
 Ozocubu's Refrigeration  Ice            17%        4d8       86%         7
 Shadow Creatures         Summ           N/A        N/A       98%         6


Dungeon Overview and Level Annotations

Branches:
Dungeon (12/15)            Temple (1/1) D:6            Lair (0/6) D:9
    Orc (0/2) D:10          Sewer (visited)           IceCv (1/1)

Altars:
Ashenzari
Cheibriados
Dithmenos
Elyvilon
Fedhas
Gozag
Hepliaklqana
Kikubaaqudgha
Makhleb
Nemelex Xobeh
Okawaru
Qazlal
Ru
Sif Muna
Trog
Uskayaw
Vehumet
Wu Jian
Xom
Yredelemnul
Zin
The Shining One

Shops:
D:4 [![   D:5 [   D:12 ?

Annotations:
D:5 3 runed translucent doors, exclusion: 3 doors, Destapler's ghost, novice DjIE
D:10 Snorg IceCv exclusion: ice statue


Innate Abilities, Weirdness & Mutations

You have a pair of large antennae on your head. (SInv)
You are completely covered in thin metallic scales. (AC +4, rElec)
You are partially covered in sharp spines.
Spells you cast may paralyse nearby enemies.
Your muscles are very strong. (Str +4)


Message History

Aim: an ice statue (100% to hit)
You feel a surge of power!
The blast of sand hits the ice statue but does no damage.
Malevolent energies surge around you.
Aiming: Mindburst
Press: ? - help, Shift-Dir - straight line, f - you, p - ice statue
Okay, then.
Unknown command.
Aiming: Mindburst
Press: ? - help, Shift-Dir - straight line, f/p - ice statue
Aim: an ice statue (unaware, hasn't noticed you, infinite will)
Okay, then.
Unknown command.
Aiming: Polymorph
Press: ? - help, Shift-Dir - straight line, f/p - ice statue
Aim: an ice statue (unaware, hasn't noticed you, infinite will)
The ice statue is unaffected.
Aiming: Throw Flame
Press: ? - help, Shift-Dir - straight line, f/p - ice statue
Aim: an ice statue (unaware, hasn't noticed you, 100% to hit)
The puff of flame hits the ice statue.
The ice statue melts!
The ice statue is lightly damaged.
Aiming: Throw Flame
Press: ? - help, Shift-Dir - straight line, f/p - ice statue
Aim: an ice statue (lightly damaged, unaware, hasn't noticed you, 100% to hit)
The puff of flame hits the ice statue.
The ice statue melts!
The ice statue is lightly damaged.
Aiming: Throw Flame
Press: ? - help, Shift-Dir - straight line, f/p - ice statue
Aim: an ice statue (lightly damaged, unaware, hasn't noticed you, 100% to hit)
The puff of flame hits the ice statue.
The ice statue melts!
The ice statue is moderately damaged.
The ice statue gestures at you. The freezing blast engulfs you!
You are engulfed in freezing vapours.
You are engulfed in freezing vapours.
* * * LOW HITPOINT WARNING * * *
You are engulfed in freezing vapours.
You die...
Kikubaaqudgha rasps: "You have failed me!
Welcome... death!"

.###
#†###..##
##
#.###...##
##
#..###...#
.# #.†#
##..## .#
##.# #...#
.# ##..#
#...# ##
#..##
##..## ##
#..# ##..#
.##
##.####
##@#
..###..#
#[. #○☼#
...#..##
#.8.##○##
#.....#
#?.☼§○☼#
#.⌠..##
##.#○○##
#...##
#### ##..#
##.# { .##
{{{


There were no monsters in sight!

Vanquished Creatures
  Gastronok (D:10)
  Erolcha (D:10)
  A hydra (D:11)
  4 two-headed ogres
  4 death yaks (IceCv)
  A deep elf pyromancer (D:12)
  Pikel (D:7)
  A manticore (D:11)
  2 cyclopes
  Joseph (D:9)
  A rime drake (IceCv)
  A komodo dragon (D:11)
  3 trolls
  2 polar bears (IceCv)
  A vampire (D:9)
  A wraith (D:12)
  2 wyverns
  31 yaks
  5 vampire mosquitoes
  Menkaure (D:7)
  An acid dragon (D:9)
  A water moccasin (D:7)
  7 orc warriors
  2 ice beasts (D:7)
  A necrophage (D:8)
  2 sky beasts
  3 ogres (D:10)
  17 wolves (IceCv)
  3 centaurs
  9 kobold brigands
  A phantom (D:6)
  4 bullfrogs
  3 gnoll sergeants (D:10)
  3 wights (D:8)
  12 killer bees
  5 howler monkeys
  A crimson imp (D:9)
  5 centaur zombies
  A hound (D:5)
  5 orc priests
  A bullfrog skeleton (D:4)
  2 bullfrog zombies (D:6)
  A centaur skeleton (D:6)
  Ijyb (D:4)
  A scorpion zombie (D:5)
  2 iguanas
  7 orc wizards
  A howler monkey zombie (D:5)
  3 gnolls (D:10)
  4 adders
  A shadow imp (D:7)
  A white imp (D:5)
  2 ufetubi
  5 worms
  4 dart slugs
  30 orcs
  10 ball pythons
  7 endoplasms
  5 giant cockroaches
  5 goblins
  7 hobgoblins
  5 quokkas
  8 bats
  6 frilled lizards
  27 kobolds
  8 rats
305 creatures vanquished.

Vanquished Creatures (collateral kills)
  2 wights (D:8)
2 creatures vanquished.

Vanquished Creatures (others)
  A jelly (D:4)
  An orc wizard (D:4)
  2 orcs (D:4)
  3 plants (D:4)
7 creatures vanquished.

Grand Total: 314 creatures vanquished

Notes
Turn   | Place    | Note
-------+----------+-------------------------------------------
     0 | D:1      | Malachi the Demonspawn Necromancer began the quest for the
                  | Orb.
     0 | D:1      | Reached XP level 1. HP: 13/13 MP: 3/3
   690 | D:1      | Gained mutation: You have a pair of small antennae on your
                  | head. [demonic ancestry]
   690 | D:1      | Reached XP level 2. HP: 15/19 MP: 0/5
   976 | D:1      | Reached skill level 5 in Necromancy
  1364 | D:1      | Gained mutation: You are partially covered in thin metallic
                  | scales. (AC +2) [demonic ancestry]
  1364 | D:1      | Reached XP level 3. HP: 18/24 MP: 0/6
  2040 | D:1      | Learned a level 3 spell: Vampiric Draining
  2781 | D:2      | Found a faded altar of an unknown god.
  3242 | D:2      | Identified a scroll of acquirement
  3242 | D:2      | Acquired a staff of death
  3486 | D:3      | Found a glowing drain.
  3494 | D:3      | Gained mutation: Spells you cast may paralyse adjacent
                  | enemies. [demonic ancestry]
  3494 | D:3      | Reached XP level 4. HP: 23/30 MP: 0/7
  3507 | Sewer    | Entered a sewer
  4660 | D:3      | Reached skill level 1 in Earth Magic
  4660 | D:3      | Reached XP level 5. HP: 24/35 MP: 1/9
  4803 | D:3      | Learned a level 1 spell: Sandblast
  5438 | D:3      | Learned a level 2 spell: Passwall
  5449 | D:3      | Gained mutation: You are weak. (Str -2) [potion of
                  | mutation]
  5449 | D:3      | Gained mutation: You expend magic power (3 MP) to
                  | strengthen your wands. [potion of mutation]
  5450 | D:3      | Lost mutation: You expend magic power (3 MP) to strengthen
                  | your wands. [potion of mutation]
  5450 | D:3      | Lost mutation: You are weak. (Str -2) [potion of mutation]
  5450 | D:3      | Gained mutation: You sometimes lose the ability to read
                  | scrolls when taking damage. [potion of mutation]
  5450 | D:3      | Gained mutation: You are somewhat resistant to further
                  | mutation. [potion of mutation]
  5451 | D:3      | Lost mutation: You sometimes lose the ability to read
                  | scrolls when taking damage. [potion of mutation]
  5451 | D:3      | Lost mutation: You are somewhat resistant to further
                  | mutation. [potion of mutation]
  5451 | D:3      | Gained mutation: You sometimes lose the ability to read
                  | scrolls when taking damage. [potion of mutation]
  5451 | D:3      | Gained mutation: You have large cloven feet. [potion of
                  | mutation]
  5452 | D:3      | Lost mutation: You sometimes lose the ability to read
                  | scrolls when taking damage. [potion of mutation]
  5452 | D:3      | Gained mutation: You have a pair of antennae on your head.
                  | [potion of mutation]
  5452 | D:3      | Lost mutation: You have a pair of antennae on your head.
                  | [potion of mutation]
  5545 | D:4      | Found Behylih's Distillery.
  5566 | D:4      | Found Uclug's Armour Shoppe.
  5719 | D:4      | Noticed Ijyb
  5724 | D:4      | Killed Ijyb
  6351 | D:4      | Bought a potion of mutation for 96 gold pieces
  6351 | D:4      | Lost mutation: You have large cloven feet. [potion of
                  | mutation]
  6351 | D:4      | Gained mutation: Your muscles are strong. (Str +2) [potion
                  | of mutation]
  6351 | D:4      | Gained mutation: Your muscles are very strong. (Str +4)
                  | [potion of mutation]
  6518 | D:4      | Found Yfou's Antique Armour Boutique.
  6574 | D:4      | Found a basalt altar of Yredelemnul.
  6844 | D:5      | Entered Level 5 of the Dungeon
  6963 | D:5      | Reached XP level 6. HP: 35/41 MP: 3/10
  7070 | D:5      | Noticed a sky beast
  7088 | D:5      | Killed a sky beast
  7885 | D:5      | Found a runed translucent gate.
  7885 | D:5      | Found a runed translucent gate.
  7885 | D:5      | Found a runed translucent gate.
  7950 | D:5      | Noticed Destapler's ghost (novice DjIE)
  8111 | D:5      | Found Jetu's Armour Emporium.
  8410 | D:6      | Gained mutation: You are partially covered in sharp spines.
                  | [demonic ancestry]
  8410 | D:6      | Reached XP level 7. HP: 31/46 MP: 4/12
  8851 | D:6      | Found a shimmering blue altar of Sif Muna.
  9243 | D:6      | Reached skill level 1 in Hexes
  9407 | D:6      | Found a staircase to the Ecumenical Temple.
  9435 | Temple   | Entered the Ecumenical Temple
  9498 | Temple   | Became a worshipper of Kikubaaqudgha
  9609 | D:6      | You fall into a shaft and drop 2 floors!
  9731 | D:8      | Found an opulent altar of Gozag.
  9893 | D:8      | Noticed a two-headed ogre
  9904 | D:8      | Killed a two-headed ogre
  9905 | D:8      | Reached skill level 4 in Hexes
  9905 | D:8      | Gained mutation: Spells you cast may paralyse nearby
                  | enemies. [demonic ancestry]
  9905 | D:8      | Reached XP level 8. HP: 31/52 MP: 1/15
 10158 | D:8      | Reached skill level 5 in Stealth
 10158 | D:8      | Reached skill level 5 in Spellcasting
 10238 | D:8      | Reached skill level 5 in Hexes
 10974 | D:8      | Found a sparkling altar of Nemelex Xobeh.
 11808 | D:8      | Reached skill level 6 in Hexes
 11808 | D:8      | Gained mutation: You are mostly covered in thin metallic
                  | scales. (AC +3) [demonic ancestry]
 11808 | D:8      | Reached XP level 9. HP: 51/57 MP: 14/17
 12249 | D:7      | Noticed Menkaure
 12255 | D:7      | Killed Menkaure
 12256 | D:7      | Reached skill level 7 in Hexes
 12579 | D:7      | Noticed Pikel
 13209 | D:7      | Killed Pikel
 13210 | D:7      | Reached skill level 8 in Hexes
 13344 | D:7      | Noticed a cyclops
 13354 | D:7      | Killed a cyclops
 13355 | D:7      | Gained mutation: You have a pair of antennae on your head.
                  | [demonic ancestry]
 13355 | D:7      | Reached XP level 10. HP: 56/63 MP: 3/20
 13650 | D:9      | Reached * piety under Kikubaaqudgha
 13650 | D:9      | Received a gift from Kikubaaqudgha
 13737 | D:9      | Noticed a two-headed ogre
 13745 | D:9      | Killed a two-headed ogre
 13746 | D:9      | Reached skill level 9 in Hexes
 13871 | D:9      | Found a staircase to the Lair.
 13879 | D:9      | Learned a level 6 spell: Invisibility
 14175 | D:9      | Noticed Joseph
 14184 | D:9      | Killed Joseph
 14364 | D:9      | Reached skill level 10 in Hexes
 15370 | D:9      | Reached ** piety under Kikubaaqudgha
 15511 | D:9      | Found a burning altar of Makhleb.
 15511 | D:9      | Found a radiant altar of Vehumet.
 15910 | D:10     | Entered Level 10 of the Dungeon
 15910 | D:10     | Noticed Erolcha
 15969 | D:10     | Killed Erolcha
 15970 | D:10     | Gained mutation: You have a pair of large antennae on your
                  | head. (SInv) [demonic ancestry]
 15970 | D:10     | Reached XP level 11. HP: 51/68 MP: 15/23
 16218 | D:10     | Found a staircase to the Orcish Mines.
 16668 | D:10     | Noticed a two-headed ogre
 16676 | D:10     | Killed a two-headed ogre
 16677 | D:10     | Reached skill level 11 in Hexes
 16812 | D:10     | Noticed Snorg
 16891 | D:10     | Noticed Gastronok
 16910 | D:10     | Killed Gastronok
 17904 | D:11     | Found an opulent altar of Gozag.
 17983 | D:11     | Noticed a two-headed ogre
 17989 | D:11     | Killed a two-headed ogre
 18028 | D:11     | Noticed a four-headed hydra
 18034 | D:11     | Killed a four-headed hydra
 18088 | D:11     | Reached skill level 12 in Hexes
 18128 | D:11     | Learned a level 6 spell: Simulacrum
 18206 | D:11     | Reached skill level 1 in Ice Magic
 18208 | D:11     | Reached *** piety under Kikubaaqudgha
 18208 | D:11     | Received a gift from Kikubaaqudgha
 18384 | D:11     | Gained mutation: You are completely covered in thin
                  | metallic scales. (AC +4, rElec) [demonic ancestry]
 18384 | D:11     | Reached XP level 12. HP: 74/74 MP: 22/25
 18581 | D:12     | Found Moparr's Magic Scroll Boutique.
 18662 | D:12     | Reached skill level 10 in Stealth
 18691 | D:12     | Found a frozen archway.
 18699 | IceCv    | Entered an ice cave
 19276 | IceCv    | Reached **** piety under Kikubaaqudgha
 19294 | IceCv    | Reached skill level 5 in Ice Magic
 19621 | IceCv    | Noticed a death yak
 19630 | IceCv    | Noticed a death yak
 19947 | IceCv    | Killed a death yak
 19956 | IceCv    | Killed a death yak
 20120 | IceCv    | Noticed a death yak
 20140 | IceCv    | Noticed a death yak
 20144 | IceCv    | Killed a death yak
 20145 | IceCv    | Reached skill level 10 in Necromancy
 20168 | IceCv    | Killed a death yak
 20717 | IceCv    | Engulfed by an ice statue's freezing vapour

Illustrated notes

Levels and vault maps discovered:
D:1:      dpeg_arrival_rhombi, layout_loops_ring, kennysheep_decorative_pillar,
          minmay_ruptured
D:2:      layout_basic, ebering_ecumenical_altar_abandoned, minmay_vboxes
D:3:      layout_rooms, cheibrodos_sewer_entry_drain, serial_rivers,
          chequers_serial_rivers_micro_e, chequers_serial_rivers_marsh,
          chequers_serial_rivers_small_b, chequers_serial_rivers_micro_c,
          chequers_serial_rivers_small_b, chequers_serial_rivers_small_a
D:4:      layout_loops_ring, nicolae_overflow_crystal_walls, serial_shops,
          nicolae_shop_overgrown_old_shop, shop, nicolae_square_shop,
          kennysheep_cross_room, lemuel_flame_loot_1, uniq_ijyb
D:5:      layout_basic, gammafunk_ghost_icy, serial_shops, nicolae_shop_trees
D:6:      layout_basic, general_overflow_altar, minmay_temple_entry_junction
D:7:      cheibrodos_helix_gallery, layout_rooms, uniq_pikel, uniq_menkaure
D:8:      layout_basic, mainiacjoe_overflow_cross_hatched,
          mainiacjoe_overflow_concentric_impassable
D:9:      layout_stronghold, grunt_temple_overflow_lords_of_destruction,
          lair_entry_dummy, nzn_life_drinkers, uniq_joseph
D:10:     layout_rooms, kennysheep_orc_monster_closet_entryway, uniq_erolcha,
          uniq_sonja, uniq_gastronok, uniq_snorg
D:11:     layout_loops_ring, grunt_gozag_statues
D:12:     layout_roguey, gauntlet_entry_generic, serial_shops,
          nicolae_stop_n_shop_2, portal_ice_cave_entry_pillars_2,
          nrook_mini_backslash, uniq_psyche
Temple:   nicolae_temple_x_marks_the_god
IceCv:    ice_cave_caverns_01

Skill      XL: |  1  2  3  4  5  6  7  8  9 10 11 12 |
---------------+-------------------------------------+-----
Necromancy     | 5 6 7 10 | 10.2
Stealth        | 2 3 4 5 7 8 9 10 | 10.6
Earth Magic    | 1 2 3 |  3.0
Spellcasting   | 3 4 5 6 8 9 |  9.0
Hexes          | 4 6 8 10 12 | 12.0
Ice Magic      | 2 6 |  6.1
Staves         | |  0.3
Dodging        | |  1.8

Action                   |  1- 3 |  4- 6 |  7- 9 | 10-12 || total
-------------------------+-------+-------+-------+-------++-------
Melee: Unarmed           |     6 |       |       |       ||     6
       Short sword       |     1 |    49 |     1 |       ||    51
       Staff             |       |    29 |     7 |       ||    36
       Dagger            |       |       |    36 |   164 ||   200
Throw: Stone             |       |     1 |       |       ||     1
 Cast: Pain              |    91 |    75 |     7 |     6 ||   179
       Vampiric Draining |       |     6 |    38 |    99 ||   143
       Sandblast         |       |    45 |    58 |   183 ||   286
       Invisibility      |       |       |       |     9 ||     9
Evoke: Wand              |       |       |     3 |    20 ||    23
  Use: Scroll            |     6 |     4 |     5 |     9 ||    24
       Potion            |       |     5 |       |     2 ||     7
 Stab: Paralysed         |       |    21 |    22 |    90 ||   133
       Sleeping          |       |       |     1 |    12 ||    13
       Distracted        |       |       |     1 |       ||     1
       Invisible         |       |       |       |     3 ||     3
Armor: Robe              |    12 |    37 |    24 |    67 ||   140
Dodge: Dodged            |    10 |    66 |    45 |   159 ||   280
